 Dungeon Crawl Stone Soup version 0.27-a0-1220-g54dba09ff7 (webtiles) character file.

Game seed: 4482893622243680114

16 Bnni the Grasshopper (level 2, 0/24 HPs)
             Began as a Palentonga Warper on June 7, 2021.
             Slain by a kobold
             ... wielding a +0 short sword
              (1 damage)
             ... on level 2 of the Dungeon.
             The game lasted 00:01:13 (1266 turns).

Bnni the Grasshopper (Palentonga Warper)            Turns: 1266, Time: 00:01:13

Health: 0/24       AC:  5    Str: 14    XL:     2   Next: 41%
Magic:  5/5        EV:  9    Int: 13    God:
Gold:   27         SH:  0    Dex:  9    Spells: 5/5 levels left

rFire    . . .     SeeInvis +   a - +0 hand axe
rCold    . . .     Faith    .   (no shield)
rNeg     . . .     Spirit   .   b - +0 leather armour
rPois    .         Reflect  .   (no helmet)
rElec    .         Harm     .   (no cloak)
rCorr    .         Rampage  .   c - +0 pair of gloves
Will     .....                  (no barding)
Stlth    +.........             (no amulet)
HPRegen  0.08/turn              (no ring)
MPRegen  0.09/turn              (no ring)

@: no status effects
A: large, rugged brown scales 3, see invisible, deformed body, roll 1, armoured
tail
a: Rolling Charge


You were on level 2 of the Dungeon.
You visited 1 branch of the dungeon, and saw 2 of its levels.

You collected 27 gold pieces.

Inventory:

Hand Weapons
 a - a +0 hand axe (weapon)
Missiles
 e - 2 boomerangs of dispersal (quivered)
Armour
 b - a +0 leather armour (worn)
 c - a +0 pair of gloves (worn)
Jewellery
 j - a ring of protection from fire
Scrolls
 d - a scroll of blinking
 f - a scroll of acquirement {unknown}
 g - a scroll of identify {unknown}
 i - 2 scrolls of fear {unknown}
Potions
 h - a potion of brilliance {unknown}


   Skills:
 + Level 2.3 Fighting
 * Level 2.8 Axes
 - Level 0.6 Throwing
 - Level 0.7 Armour
 - Level 1.5 Dodging
 - Level 2.0 Spellcasting
 - Level 3.0 Translocations


You had 5 spell levels left.
You didn't know any spells.
Your spell library contained the following spells:

 Spells                   Type           Power      Damage    Failure   Level
 Blink                    Tloc           N/A        N/A       14%         2
 Gell's Gravitas          Tloc           4%         N/A       28%         3
 Lesser Beckoning         Tloc           4%         N/A       28%         3
 Teleport Other           Tloc           9%         N/A       28%         3
 Manifold Assault         Tloc           9%         N/A       95%         5


Dungeon Overview and Level Annotations

Branches:
Dungeon (2/15)

Altars:

Annotations:
D:2 Terence


Innate Abilities, Weirdness & Mutations

You are completely covered in rugged brown scales. (AC +3, +7% HP)
You have supernaturally acute eyesight. (SInv)
Armour fits poorly on your strangely shaped body.
You can roll at nearby foes to attack.
You have a long armoured tail.


Message History

You hit Terence but do no damage.
Terence is severely wounded.
You hear an angry hiss.
You hear a shout!
Terence says, "Time to say good-bye..."
Terence hits you with a +0 morningstar.
A kobold comes into view. It is wielding a +0 short sword.
Throw: 4 boomerangs (disperse)
Press: ? - help, Q - select action, (/) - cycle Shift-Dir - straight line, f/p - Terence
Aim: Terence, wielding a +0 morningstar and wearing a +0 scale mail (severely wounded, 58% to hit)
You throw a boomerang of dispersal.
The boomerang of dispersal completely misses Terence.
Terence barely misses you.
Throw: 3 boomerangs (disperse)
Press: ? - help, Q - select action, (/) - cycle Shift-Dir - straight line, f/p - Terence
Aim: Terence, wielding a +0 morningstar and wearing a +0 scale mail (severely wounded, 58% to hit)
You throw a boomerang of dispersal.
The boomerang of dispersal hits Terence.
Terence blinks!
Terence is almost dead.
Roll where?
Press: ? - help, Dir - move target, f/p - Terence
Aim: Terence, wielding a +0 morningstar and wearing a +0 scale mail (almost dead)
You roll forward with a clatter of scales!
You closely miss Terence.
Terence is almost dead.
You hear a shout! x2
Terence drinks a potion.
Terence is healed!
The kobold hits you but does no damage.
Found a dagger.
You barely miss Terence. You tail-slap Terence.
Terence is severely wounded.
You hit the kobold. Terence barely misses you.
The kobold hits you with a +0 short sword.
You are too injured to fight recklessly!
You hit Terence but do no damage.
Your tail-slap misses Terence.
Terence is severely wounded.
You hit the kobold but do no damage. Terence hits you with a +0 morningstar!
* * * LOW HITPOINT WARNING * * *
The kobold hits you with a +0 short sword.
You die...

###.#..##.#
#.......#.#
#......<#.# #####
#......##.####+#...).
#..................#
#.....###..........#
###.....+..........#
#######.°.°.K....#
#....@@....#
#..........#
########.### #


You could see Terence and a kobold.

Vanquished Creatures
  A dart slug (D:1)
  A giant cockroach (D:1)
  2 hobgoblins (D:1)
  2 jackals (D:1)
  A quokka (D:1)
  A frilled lizard (D:1)
  3 kobolds (D:1)
  3 rats (D:1)
14 creatures vanquished.

Notes
Turn   | Place    | Note
-------+----------+-------------------------------------------
     0 | D:1      | Bnni the Palentonga Warper began the quest for the Orb.
     0 | D:1      | Reached XP level 1. HP: 17/17 MP: 3/3
   705 | D:1      | Reached XP level 2. HP: 14/23 MP: 5/5
  1258 | D:2      | Noticed Terence
  1266 | D:2      | HP: 1/24 [Terence/+0 morningstar (10)]
  1266 | D:2      | Slain by a kobold

Illustrated notes

Levels and vault maps discovered:
D:1:      scummos_arrival_star, layout_loops_corners
D:2:      layout_basic, uniq_terence, uniq_jessica

Action                   || total
-------------------------++-------
Melee: Hand axe          ||    49
       Tailslap          ||     4
Throw: Boomerang         ||     3
 Abil: Rolling Charge    ||    11
Armor: Leather armour    ||    22
Dodge: Dodged            ||    25

Table legend: (Time is in decaauts)
 A = Elapsed time spent in this place.
 B = Non-inter-level travel time spent in this place.
 C = Inter-level travel time spent in this place.
 D = Time resting spent in this place.
 E = Time spent auto-exploring this place.
 F = Levels seen in this place.
 G = Mean time per level.
                   A        B        C        D        E       F      G
               +--------+--------+--------+--------+--------+-----+--------+
         Total |   1274 |   1238 |     36 |    234 |    902 |   2 |  637.0 |
       Dungeon |   1274 |   1238 |     36 |    234 |    902 |   2 |  637.0 |
               +--------+--------+--------+--------+--------+-----+--------+

Top non-repeatable levels by time:
     D:1: 1258 daAuts
     D:2: 16 daAuts
